Map: Site Delta LE

Players

Nyck

  • Race: Terran Terran
  • League: Silver
  • Spawn Location: 11:00

Zuky - Winner!

  • Race: Terran Terran
  • League: Gold
  • Spawn Location: 5:00

VOD

Have the link to the VOD?

Description

Time

  • Played on: Oct. 9, 2024, 4:49 p.m.
  • Length: 5:33
Show
View Real Time Build Order
Export as new Build Order

Nyck Terran 

Build Orders: 2 Factory, Reaper Expand 

Get SALT Encoding   

  12  0:00  SCV  
  13  0:12  SCV  
  14  0:18  Supply Depot  
  14  0:24  SCV  
  15  0:40  SCV  
  16  0:42  Barracks  
  16  0:48  Refinery  
  16  0:52  Refinery  
  16  0:54  SCV  
  17  1:07  SCV  
  18  1:20  SCV  
  19  1:30  Reaper  
  19  1:31  Supply Depot  
  20  1:50  Command Center  
  20  1:55  SCV  
  22  2:10  SCV  
  23  2:21  Factory  
  23  2:22  SCV  
  22  2:43  Barracks Reactor  
  22  2:50  Factory  
  22  2:56  Orbital Command  
  22  3:15  Bunker  
  22  3:19  Marine x2  
  24  3:22  SCV  
  26  3:27  Orbital Command  
  26  3:33  Factory Reactor  
  26  3:34  SCV  
  26  3:35  Factory Tech Lab  
  25  3:57  Marine  
  26  4:06  SCV x2  
  28  4:12  Marine  
  29  4:18  SCV x2  
  29  4:19  Hellion x3  
  29  4:22  Factory  
  37  4:30  SCV x2, Marine  
  40  4:42  SCV x2  
  42  4:47  Hellion  
  42  4:48  Hellion  
  46  4:57  Supply Depot  
  46  5:13  SCV x2  
Show
View Real Time Build Order
Export as new Build Order

Zuky Terran - Winner!

Build Orders:  

Get SALT Encoding   

  12  0:00  SCV  
  13  0:14  Supply Depot  
  13  0:18  SCV  
  14  0:30  SCV  
  15  0:36  Barracks  
  15  0:43  Refinery  
  15  0:45  SCV  
  16  0:59  Barracks  
  16  1:04  SCV  
  17  1:12  Supply Depot  
  17  1:16  SCV  
  18  1:24  Marine  
  19  1:28  SCV  
  20  1:41  Marine  
  20  1:45  Factory  
  21  1:47  Marine  
  21  1:50  SCV  
  23  1:59  Marine  
  23  2:00  Refinery  
  24  2:03  SCV  
  24  2:06  Marine  
  26  2:17  Marine  
  26  2:20  Supply Depot  
  26  2:21  SCV  
  28  2:26  Marine  
  29  2:31  Factory Tech Lab  
  29  2:33  SCV  
  30  2:45  Starport  
  30  2:53  Siege Tank  
  33  3:02  Orbital Command  
  33  3:18  Marine x2  
  35  3:27  Supply Depot  
  35  3:31  Viking  
  37  3:36  Marine x2  
  38  3:48  Siege Tank  
  39  4:15  Marine x2  
  41  4:31  Siege Tank  
  41  4:33  SCV  
  41  4:35  Command Center  
  45  4:39  Supply Depot  
  45  4:44  Engineering Bay  
  45  4:45  SCV, Marine  
  47  5:00  Marine  
  47  5:01  SCV  
  49  5:13  SCV  
Tags
 
Add a new tag
Caveats
  • Supply blocks, unpowered buildings, or Contaminate may cause inaccurate times.
  • Supply counts are checked every 10 seconds.